 Dungeon Crawl Stone Soup version 0.29-a0-330-g52719c12eb (webtiles) character file.

Game seed: 1507458060131375543

60 thiscave3701365 the Chopper (level 4, -3/33 HPs)
             Began as a Djinni Warper on Apr 12, 2022.
             Slain by a gnoll
             ... wielding a +0 flail
              (8 damage)
             ... on level 2 of the Dungeon.
             The game lasted 00:03:52 (2108 turns).

thiscave3701365 the Chopper (Djinni Warper)         Turns: 2108, Time: 00:03:53

Health: -3/33      AC:  3    Str: 12    XL:     4   Next: 24%
Gold:   69         EV:  3    Int: 15    God:
                   SH:  0    Dex: 12

rFire   + + .      SeeInvis .   a - +0 hand axe
rCold   x . .      Faith    .   (no shield)
rNeg    . . .      Spirit   .   b - +0 leather armour
rPois   ∞          Reflect  .   (no helmet)
rElec   .          Harm     .   (no cloak)
rCorr   .          Rampage  .   (no gloves)
Will    .....                   (boots unavailable)
Stlth   +.........              (no amulet)
HPRegen 0.11/turn               (no ring)
MPRegen 0.00/turn               (no ring)

@: flying, held, constricted
A: sickness immunity, fire resistance 2, cold vulnerability 1, float, innate
caster, HP casting, extra vitality 1
a: no special abilities


You were on level 2 of the Dungeon.
You visited 1 branch of the dungeon, and saw 2 of its levels.

You collected 69 gold pieces.

Inventory:

Hand Weapons
 a - a +0 hand axe (weapon)
Missiles
 d - 7 boomerangs of dispersal
 e - 4 boomerangs
Armour
 b - a +0 leather armour (worn)
Scrolls
 c - a scroll of blinking
 g - a scroll of holy word {unknown}
 h - a scroll of teleportation {unknown}
 i - a scroll of enchant weapon {unknown}
Potions
 f - a potion of mutation {unknown}


   Skills:
 + Level 2.0 Fighting
 + Level 3.0 Axes
 + Level 0.7 Throwing
 + Level 1.6 Armour
 + Level 2.2 Dodging
 + Level 2.6 Spellcasting


You couldn't memorise any spells.
You knew the following spells:

 Your Spells              Type           Power      Damage    Failure   Level
a - Blink                 Tloc           18%        N/A       14%         2
b - Lesser Beckoning      Tloc           9%         N/A       26%         3
c - Gell's Gravitas       Tloc           9%         N/A       26%         3
d - Teleport Other        Tloc           9%         N/A       26%         3
e - Manifold Assault      Tloc           9%         N/A       94%         5
f - Foxfire               Conj/Fire      36%        2x1d5     9%          1
Your spell library was empty.

Dungeon Overview and Level Annotations

Branches:
Dungeon (2/15)

Altars:

Shops:
D:1 =


Innate Abilities, Weirdness & Mutations

You are immune to sickness and miasma.
You are immune to poison.
Your flesh is very heat resistant. (rF++)
You are vulnerable to cold. (rC-)
You float through the air rather than walking.
You learn spells naturally, not from books.
Your magical power is your life essence.
You have superior vitality. (+4 MHP)


Message History

There are monsters nearby!
There are monsters nearby!
You are held in a net!
There are monsters nearby!
You are held in a net!
You struggle against the net.
The foxfire hits the gnoll but does no damage.
The foxfire hits the gnoll.
The gnoll is moderately wounded.
A ball python comes into view.
The gnoll closely misses you.
You struggle against the net.
The ball python hisses angrily.
The gnoll barely misses you.
You conjure some foxfire!
The foxfire hits the gnoll.
The gnoll is lightly wounded.
The gnoll hits you but does no damage.
You struggle against the net.
The foxfire hits the gnoll but does no damage.
The gnoll is lightly wounded.
The gnoll hits you from afar with a +0 spear.
You struggle against the net.
The gnoll hits you from afar with a +0 spear.
You conjure some foxfire!
The ball python bites you. The ball python grabs you.
The ball python constricts you. The gnoll hits you with a +0 flail!
The gnoll hits you from afar with a +0 spear.
* * * LOW HITPOINT WARNING * * *
You are too injured to fight recklessly!
You are too injured to fight recklessly!
Sorry, you're not good enough to have a special ability.
You struggle against the net.
The foxfire hits the gnoll.
The gnoll is moderately wounded.
The foxfire hits the gnoll.
The gnoll is heavily wounded.
The ball python bites you.
* * * LOW HITPOINT WARNING * * *
The ball python constricts you.
* * * LOW HITPOINT WARNING * * *
The gnoll barely misses you. The gnoll hits you with a +0 flail!
You die...

#........#.#
########.#.# #.#.#
#.#.# .g.... # #.#.#
.g...# # #.#.# #....#
#.#.# #....#
#.#.#######....#
######.†..@.g.##....# #
#.........gS...†.#^##.#
#.....................#
#........)....####.####
#.............# #.#
#.............#
##.#####
#######.......#
#......# #########
#......#### #......##..


You could see 2 gnolls and a ball python.

Vanquished Creatures
  An adder (D:2)
  A gnoll (D:2)
  A dart slug (D:1)
  4 bats
  5 endoplasms
  2 giant cockroaches (D:1)
  2 goblins (D:1)
  4 jackals (D:1)
  A quokka (D:1)
  6 ball pythons
  6 frilled lizards
  6 kobolds
  A rat (D:1)
40 creatures vanquished.

Vanquished Creatures (others)
  35 foxfires (D:2)
  5 toadstools (D:1)
40 creatures vanquished.

Grand Total: 80 creatures vanquished

Notes
Turn   | Place    | Note
-------+----------+-------------------------------------------
     0 | D:1      | thiscave3701365 the Djinni Warper began the quest for the
                  | Orb.
     0 | D:1      | Reached XP level 1. HP: 18/18 MP: 0/0
   213 | D:1      | Reached XP level 2. HP: 23/23 MP: 0/0
   224 | D:1      | Reached skill level 2 in Axes
   426 | D:1      | Found Hareigia's Jewellery Emporium.
   525 | D:1      | Reached XP level 3. HP: 12/28 MP: 0/0
   525 | D:1      | Learned a level 1 spell: Foxfire
  2000 | D:2      | Reached XP level 4. HP: 33/33 MP: 0/0
  2013 | D:2      | Reached skill level 3 in Axes
  2108 | D:2      | Slain by a gnoll

Illustrated notes

Levels and vault maps discovered:
D:1:      ldierk_walled_garden, layout_basic, serial_shops, shop
D:2:      layout_basic, basic_ecumenical_altar

Skill      XL: |  1  2  3  4 |
---------------+-------------+-----
Axes           | 2 3 |  3.0
Fighting       | |  2.0
Throwing       | |  0.7
Armour         | |  1.6
Dodging        | |  2.2
Spellcasting   | |  2.6

Action                   |  1- 3 |  4- 6 || total
-------------------------+-------+-------++-------
Melee: Hand axe          |   136 |       ||   136
       Punch             |     2 |       ||     2
 Cast: Foxfire           |    14 |     7 ||    21
Armor: Leather armour    |    53 |     3 ||    56
Dodge: Dodged            |   110 |     3 ||   113

Table legend: (Time is in decaauts)
 A = Elapsed time spent in this place.
 B = Non-inter-level travel time spent in this place.
 C = Inter-level travel time spent in this place.
 D = Time resting spent in this place.
 E = Time spent auto-exploring this place.
 F = Levels seen in this place.
 G = Mean time per level.
                   A        B        C        D        E       F      G
               +--------+--------+--------+--------+--------+-----+--------+
         Total |   2132 |   2120 |     12 |    775 |   1016 |   2 | 1066.0 |
       Dungeon |   2132 |   2120 |     12 |    775 |   1016 |   2 | 1066.0 |
               +--------+--------+--------+--------+--------+-----+--------+

Top non-repeatable levels by time:
     D:1: 1381 daAuts
     D:2: 750 daAuts
